AoeStats
← TW_Jerry YT @TW-aoe2noobs

Fortress

508860601Analyzed
4v4 RM · 8d ago on Sep 24, 2026· 34m 13s· 8 players
Game mode
Random Map
Map size
Huge
Population
200
Speed
Normal
Resources
Standard
Victory
Conquest
Starting age
Dark Age
Ending age
Imperial Age
RankedLock teamsTeams togetherTeam positionsShared explorationLock speedFull tech treeHidden civsTurbo modeCheats
Victory
Defeat
🇦🇷 Spanish · Argentina
1607
+7
1593
+8
🇸🇪 Danes · Sweden
1524
+10
🇹🇼 Khmer · Taiwan
1498
+11
🇹🇼 Slavs · Taiwan
1454
-11
🇹🇼 Mongols · Taiwan
1436
-11
🇹🇼 Saxons · Taiwan
1370
-8
🇹🇼 Britons · Taiwan
1308
-6
菜就怪隊友
7:37 Feudal Age
10:56 Castle Age
9:11 Double-Bit Axe
9:31 Horse Collar
12:04 Bow Saw
14:36 Wheelbarrow
22:47 Imperial Age
20:31 Scale Barding Armor
20:51 Gold Mining
21:22 Forging
22:22 Chain Barding Armor
22:40 Bloodlines
23:19 Gold Shaft Mining
23:33 Iron Casting
23:48 Tusk Swords
24:10 Heavy Plow
25:08 Plate Barding Armor
25:42 Blast Furnace
24:45 Husbandry
24:53 Loom
24:57 Elite Battle Elephant
29:47 Crop Rotation
30:18 Conscription
33:06 Stone Mining
34:23 Hand Cart
34:35 Town Watch
TW_Jerry YT @TW-aoe2noobs
7:29 Feudal Age
11:28 Castle Age
9:15 Double-Bit Axe
9:52 Horse Collar
12:26 Bow Saw
13:49 Fletching
14:54 Loom
18:46 Stone Mining
18:48 Gold Mining
20:12 Wheelbarrow
24:59 Imperial Age
22:25 Guard Tower
22:59 Ballistics
22:57 Bodkin Arrow
23:55 Padded Archer Armor
24:46 Hand Cart
25:53 Bracer
26:54 Chemistry
26:18 Conscription
27:07 Leather Archer Armor
28:33 Ring Archer Armor
28:46 Elite Longbowman
30:13 Pikeman
31:28 Halberdier
32:11 Scale Mail Armor
33:14 Warwolf
33:39 Yeomen
33:30 Squires
Snitzelyd
7:13 Feudal Age
8:49 Double-Bit Axe
11:07 Castle Age
9:51 Forging
9:26 Horse Collar
12:10 Bow Saw
15:32 Wheelbarrow
17:52 Loom
19:08 Hand Cart
20:13 Gold Mining
20:14 Stone Mining
25:12 Imperial Age
22:48 Scale Mail Armor
22:58 Forging
23:09 Squires
25:13 Chain Mail Armor
25:33 Iron Casting
26:06 Gold Shaft Mining
25:28 Capped Ram
25:32 Hamask
25:58 Elite Varangian Guard
26:25 Arson
27:27 Siege Ram
28:43 Plate Mail Armor
29:14 Blast Furnace
28:49 Conscription
33:19 Elite Jomsviking
TW_HIHAO
7:28 Feudal Age
8:50 Double-Bit Axe
11:37 Castle Age
9:20 Horse Collar
10:20 Stone Mining
10:37 Gold Mining
12:23 Padded Archer Armor
13:44 Leather Archer Armor
17:54 Bloodlines
18:22 Loom
28:14 Fletching
32:25 Bow Saw
Geodude
7:04 Feudal Age
7:51 Double-Bit Axe
8:38 Double-Bit Axe
11:12 Castle Age
9:41 Horse Collar
12:12 Bow Saw
18:46 Loom
23:18 Imperial Age
20:52 Crossbowman
21:24 Fletching
22:35 Wheelbarrow
21:45 Town Watch
22:09 Bodkin Arrow
24:03 Bracer
23:25 Capped Ram
23:31 Arbalester
24:13 Padded Archer Armor
25:54 Chemistry
27:08 Thumb Ring
27:20 Leather Archer Armor
27:35 Scale Mail Armor
28:01 Siege Ram
28:53 Squires
29:57 Pikeman
30:53 Chain Mail Armor
31:12 Halberdier
32:27 Plate Mail Armor
DeepLin
6:57 Feudal Age
10:47 Castle Age
9:32 Double-Bit Axe
9:30 Horse Collar
12:00 Bow Saw
13:01 Heavy Plow
18:04 Wheelbarrow
18:33 Gold Mining
23:35 Imperial Age
20:53 Loom
21:24 Hand Cart
20:55 Town Watch
21:13 Scale Mail Armor
22:19 Chain Mail Armor
22:14 Forging
22:41 Squires
23:11 Scale Barding Armor
24:46 Iron Casting
23:46 Elite Boyar
24:29 Husbandry
25:20 Bloodlines
24:31 Light Cavalry
25:56 Conscription
25:40 Detinets
26:20 Stone Mining
27:06 Gold Shaft Mining
26:40 Pikeman
27:53 Chain Barding Armor
30:16 Plate Barding Armor
30:07 Halberdier
34:01 Blast Furnace
野生傑尼龜
7:24 Feudal Age
10:55 Castle Age
9:02 Double-Bit Axe
9:25 Horse Collar
13:08 Bow Saw
17:53 Gold Mining
20:08 Loom
20:56 Fletching
21:06 Padded Archer Armor
24:29 Wheelbarrow
24:42 Bodkin Arrow
25:03 Leather Archer Armor
25:59 Ballistics
29:08 Imperial Age
29:16 Elite Mangudai
30:04 Bracer
30:11 Scale Barding Armor
30:16 Forging
30:31 Bloodlines
30:22 Husbandry
30:32 Light Cavalry
32:38 Chemistry
33:05 Iron Casting
32:46 Heavy Plow
33:18 Conscription
lonlon12323
2:33 Loom
7:16 Feudal Age
11:17 Castle Age
9:38 Double-Bit Axe
9:49 Horse Collar
12:17 Bow Saw
14:07 Wheelbarrow
17:30 Hand Cart
18:38 Gold Mining
19:25 Stone Mining
20:17 Fletching
22:02 Bodkin Arrow
23:26 Gold Shaft Mining
23:03 Loom
23:30 Padded Archer Armor
23:48 Town Watch
28:32 Imperial Age
27:02 Leather Archer Armor
29:53 Conscription
31:15 Forging
31:05 Scale Mail Armor
31:26 Heavy Plow
31:41 Man-at-Arms
32:09 Gambesons
32:14 Long Swordsman
32:57 Squires
32:43 Arson
33:14 Chain Mail Armor
32:56 Two-Handed Swordsman
Connection lost

Rejoining the realm…

Still unreachable

The connection could not be restored.

Session expired

The server has moved on; the page needs a fresh start.